 Dungeon Crawl Stone Soup version 0.29.1-13-g9f3cf754e1 (webtiles) character file.

Game seed: 15189706994208875820

28 hawla the Chiller (level 3, -2/26 HPs)
             Began as a Meteoran Ice Elementalist on Jan 23, 2023.
             Killed by nerve-wracking pain
             ... invoked by Grinder
              (12 damage)
             ... on level 3 of the Dungeon.
             The game lasted 00:02:06 (255 turns).

hawla the Chiller (Meteoran Ice Elementalist)        Turns: 255, Time: 00:02:07

Health: -2/26      AC:  2    Str:  8 (9)  XL:     3   Next: 50%
Magic:  17/17      EV: 12    Int: 15 (18) God:
Gold:   69         SH:  0    Dex: 13 (15) Spells: 4/8 levels left

rFire   . . .      SeeInvis .   e - staff of conjuration
rCold   . . .      Faith    .   (no shield)
rNeg    . . .      Spirit   .   a - +0 robe
rPois   .          Reflect  .   (no helmet)
rElec   .          Harm     .   (no cloak)
rCorr   .          Rampage  .   (no gloves)
Will    .....                   (no boots)
Stlth   +.........              (no amulet)
HPRegen 0.08/turn               c - ring of magical power
MPRegen 0.15/turn               (no ring)

@: glowing
A: sense surroundings 1, otherworldly, glowing, explore regen
a: no special abilities


You were on level 3 of the Dungeon.
You visited 1 branch of the dungeon, and saw 3 of its levels.

You collected 69 gold pieces.

Inventory:

Armour
 a - a +0 robe (worn)
Magical Staves
 e - a staff of conjuration (weapon)
Jewellery
 c - a ring of magical power (left hand)
Potions
 b - a potion of magic
 f - a potion of cancellation


   Skills:
 + Level 0.3 Staves
 + Level 2.7 Dodging
 - Level 1.4 Stealth
 + Level 3.0 Spellcasting
 + Level 5.1 Ice Magic


You had 4 spell levels left.
You knew the following spells:

 Your Spells              Type           Power      Damage    Failure   Level
a - Freeze                Ice            68%        1d8       2%          1
b - Frozen Ramparts       Ice            34%        1d6       7%          3

Your spell library contained the following spells:

 Spells                   Type           Power      Damage    Failure   Level
 Ozocubu's Armour         Ice            17%        N/A       7%          3
 Dazzling Flash           Conj/Hex       6%         N/A       52%         3
 Hailstorm                Conj/Ice       15%        3d5       56%         4
 Agony                    Necr           2%         N/A       99%         5
 Silence                  Hex/Air        1%         N/A       99%         5


Dungeon Overview and Level Annotations

Branches:
Dungeon (3/15) Zot: 1543

Altars:

Annotations:
D:3 Grinder


Innate Abilities, Weirdness & Mutations

You passively map a small area around you.
You are easily found by Zot.
You glow in the dark.
You regain HP and MP as you explore.


Message History

The ball python is heavily wounded.
The ball python closely misses you. The ball python grabs you.
The ball python constricts you.
You hit the ball python.
You kill the ball python!
No target in view!
There is a stone staircase leading up here.
You now have 69 gold pieces (gained 11).
Grinder comes into view.
Grinder shouts!
You hit Grinder but do no damage. Grinder gestures at you.
Pain shoots through your body!
Unknown command.
You aren't carrying any scrolls.
Okay, then.
You closely miss Grinder. Grinder gestures at you.
Pain shoots through your body!
You closely miss Grinder. Grinder hits you.
You writhe in agony.
Grinder gestures at you. You resist with significant effort.
You aren't carrying any scrolls.
It was a potion of degeneration.
There was something very wrong with that liquid.
You feel weakened.
You feel dopey.
You feel clumsy. Grinder gestures at you.
You barely resist.
Your magic is already full.
You hit Grinder but do no damage. Grinder hits you.
* * * LOW HITPOINT WARNING * * *
You writhe in agony.
* * * LOW HITPOINT WARNING * * *
Grinder attacks as you move away! Grinder barely misses you.
Grinder blinks!
A rat comes into view.
Grinder says, "What is the universe for?"
Grinder blinks!
Grinder gestures at you. Pain shoots through your body!
You die...

.. ,................
, #.,
#..#....######## * *
.#.. #..#.#...#######
....##..#............
,.......#.###.#######
..####............# *
......r...####....#
#.#####..5..# #....#
,
#.....@...#..##....#
############.##$...#
, ,.####### *** * ..*
, * * .# , , * , * *


You could see Grinder and a rat.

Vanquished Creatures
  An adder (D:2)
  2 endoplasms
  A giant cockroach (D:1)
  2 goblins
  2 hobgoblins (D:2)
  2 ball pythons
  2 bats (D:2)
  2 frilled lizards (D:2)
  3 kobolds
17 creatures vanquished.

Notes
Turn   | Place    | Note
-------+----------+-------------------------------------------
     0 | D:1      | hawla the Meteoran Ice Elementalist began the quest for the
                  | Orb.
     0 | D:1      | Reached XP level 1. HP: 14/14 MP: 5/5
    77 | D:2      | Reached XP level 2. HP: 15/20 MP: 6/6
   147 | D:2      | Reached skill level 5 in Ice Magic
   147 | D:2      | Reached XP level 3. HP: 26/26 MP: 8/8
   168 | D:2      | Learned a level 3 spell: Frozen Ramparts
   241 | D:3      | Noticed Grinder
   246 | D:3      | HP: 1/26 [Grinder (4)]
   255 | D:3      | Killed from afar by Grinder

Illustrated notes

Levels and vault maps discovered:
D:1:      amcnicky_arrival_double_pillar, layout_basic,
          shapermc_ecumenical_altar_mp_ritualfount
D:2:      layout_rooms, st_stairs_9, dk_vineyard_2, kennysheep_potato
D:3:      layout_basic, mainiacjoe_overflow_brackets, uniq_grinder,
          uniq_jessica, uniq_natasha

Skill      XL: |  1  2 |
---------------+-------+-----
Spellcasting   | 3 |  3.0
Ice Magic      | 5 |  5.1
Staves         | |  0.3
Dodging        | |  2.7
Stealth        | |  1.4

Action                   || total
-------------------------++-------
Melee: Unarmed           ||     2
       Staff             ||    10
 Cast: Freeze            ||    21
       Frozen Ramparts   ||     1
  Use: Scroll            ||     1
       Potion            ||     1
Armor: Robe              ||     3
Dodge: Dodged            ||     8
